 Dungeon Crawl Stone Soup version 0.27-a0-1456-gf5a116941d (webtiles) character file.

Game seed: 18084615190634192350

113417 mandarbmax the Peltast (level 17, -18/127 (142) HPs)
             Began as a Formicid Fighter on July 7, 2021.
             Was the Champion of Ru.
             Demolished by a golden dragon simulacrum (51 damage)
             ... on level 15 of the Dungeon on July 8, 2021.
             The game lasted 01:05:11 (27898 turns).

mandarbmax the Peltast (Formicid Fighter)          Turns: 27898, Time: 01:05:11

HP:   -18/127 (142) AC: 30    Str: 29    XL:     17   Next: 18%
MP:   10/17         EV: 12    Int:  8    God:    Ru [******]
Gold: 1939          SH: 26    Dex: 15    Spells: 16/16 levels left

rFire    + + .     SeeInvis +   x - +6 lajatang (speed)
rCold    . . .     Faith    .   c - +5 kite shield
rNeg     . . .     Spirit   .   P - +5 plate armour {rF+}
rPois    +         Reflect  +   (helmet unavailable)
rElec    +         Harm     .   L - +1 cloak "Fygragh" {-Tele rElec rF+ Str+6}
rCorr    .         Rampage  .   C - +3 pair of gauntlets of War {Slay+5}
Will     +++..                  (no boots)
Stlth    ..........             M - amulet of reflection
HPRegen  0.00/turn              g - ring of poison resistance
MPRegen  0.15/turn              r - ring of willpower

@: exhausted, unable to read, mildly diseased, heavily drained
A: permanent stasis, dig shafts and tunnels, antennae 3, inability to read while
threatened, no stealth, inability to use devices, cowardly, no air magic, no
hexes magic, no necromancy magic, four strong arms, strong-willed 1, wild magic
1
a: Dig, Shaft Self, Renounce Religion, Draw Out Power, Power Leap, Apocalypse


You were on level 15 of the Dungeon.
You worshipped Ru.
Ru was exalted by your worship.
You visited 4 branches of the dungeon, and saw 24 of its levels.
You visited the Abyss 1 time.
You also visited: Sewer, Ossuary and Ice Cave.

You collected 4147 gold pieces.
You spent 2208 gold pieces at shops.

Inventory:

Hand Weapons
 a - a +7 quarterstaff of protection
 x - a +6 lajatang of speed (weapon)
Missiles
 h - 223 bolts
 n - 3 throwing nets
 J - 3 curare-tipped darts
 R - 11 boomerangs of dispersal
Armour
 c - a +5 kite shield (worn)
 C - the +3 pair of gauntlets of War (worn) {Slay+5}
   (You acquired it on level 2 of the Orcish Mines)

   Slay:      It affects your accuracy & damage with ranged weapons and melee
   (+5).
 I - a scarf of resistance
 L - the +1 cloak "Fygragh" (worn) {-Tele rElec rF+ Str+6}
   (You found it on level 13 of the Dungeon)

   Str:       It affects your strength (+6).
   rF:        It protects you from fire.
   rElec:     It insulates you from electricity.
   -Tele:     It prevents most forms of teleportation.
 P - a +5 plate armour of fire resistance (worn)
Jewellery
 g - a ring of poison resistance (left hand)
 p - a ring of protection from cold
 r - a ring of willpower (right hand)
 u - a ring of fire
 w - a ring of resist corrosion
 M - an amulet of reflection (around neck)
Scrolls
 b - 8 scrolls of identify
 j - a scroll of brand weapon
 l - a scroll of holy word
 o - 3 scrolls of summoning
 s - a scroll of magic mapping
 y - 2 scrolls of fear
 B - 5 scrolls of fog
 D - 2 scrolls of immolation
 H - 3 scrolls of amnesia
 K - a scroll of silence
 O - a scroll of enchant armour
Potions
 d - 17 potions of curing
 e - 2 potions of mutation
 f - 4 potions of might
 i - 5 potions of flight
 k - a potion of ambrosia
 m - 12 potions of heal wounds
 q - a potion of invisibility
 t - 6 potions of brilliance
 v - 3 potions of attraction
 z - 3 potions of magic
 F - a potion of haste {unknown}
 G - 6 potions of resistance


   Skills:
 - Level 15.0 Fighting
 - Level 14.0 Staves
 - Level 17.0 Armour
 - Level 9.0 Dodging
 + Level 17.3 Shields


You had 16 spell levels left.
You didn't know any spells.
Your spell library contained the following spells:

 Spells                   Type           Power      Damage    Failure   Level
 Beastly Appendage        Tmut           0%         N/A       95%         1
 Foxfire                  Conj/Fire      0%         2x1d4     95%         1
 Summon Small Mammal      Summ           0%         N/A       95%         1
 Wereblood                Tmut           0%         N/A       98%         2
 Call Canine Familiar     Summ           0%         N/A       100%        3
 Conjure Flame            Conj/Fire      0%         6-21      100%        3
 Gell's Gravitas          Tloc           0%         N/A       100%        3
 Lesser Beckoning         Tloc           0%         N/A       100%        3
 Ozocubu's Armour         Ice            0%         N/A       100%        3
 Spider Form              Tmut/Pois      0%         N/A       100%        3
 Teleport Other           Tloc           0%         N/A       100%        3
 Sticky Flame             Conj/Fire      0%         2d3       100%        4
 Blade Hands              Tmut           0%         N/A       100%        5
 Manifold Assault         Tloc           0%         N/A       100%        5
 Summon Forest            Summ/Tloc      0%         N/A       100%        5
 Shadow Creatures         Summ           N/A        N/A       100%        6
 Orb of Destruction       Conj           0%         N/A       100%        7
 Ozocubu's Refrigeration  Ice            0%         4d5       100%        7
 Spellforged Servitor     Conj/Summ      0%         N/A       100%        7
 Disjunction              Tloc           0%         N/A       100%        8
 Blink                    Tloc           Unusable   N/A       N/A         2
 Ensorcelled Hibernation  Hex/Ice        Unusable   N/A       N/A         2
 Static Discharge         Conj/Air       Unusable   N/A       N/A         2
 Inner Flame              Hex/Fire       Unusable   N/A       N/A         3
 Portal Projectile        Hex/Tloc       Unusable   N/A       N/A         3
 Summon Guardian Golem    Hex/Summ       Unusable   N/A       N/A         3
 Dispel Undead            Necr           Unusable   3d6       N/A         4
 Excruciating Wounds      Necr           Unusable   N/A       N/A         5
 Summon Mana Viper        Hex/Summ       Unusable   N/A       N/A         5
 Conjure Ball Lightning   Conj/Air       Unusable   3x3d6     N/A         6
 Storm Form               Tmut/Air       Unusable   N/A       N/A         7
 Discord                  Hex            Unusable   N/A       N/A         8

Dungeon Overview and Level Annotations

Branches:
Dungeon (15/15)            Temple (1/1) D:6            Lair (6/6) D:11
  Swamp (0/4) Lair:3       Spider (0/4) Lair:2        Slime (0/5) Lair:5
    Orc (2/2) D:11            Elf (0/3) Orc:2        Vaults (0/5) D:14
 Depths (0/5) D:15          Sewer (visited)         Ossuary (visited)
  IceCv (visited)

Altars:
Ashenzari
Cheibriados
Elyvilon
Fedhas
Hepliaklqana
Nemelex Xobeh
Qazlal
Ru
Sif Muna
Trog
Uskayaw
Yredelemnul
Zin
The Shining One
Beogh

Shops:
D:2 [   D:6 (   D:7 *   Orc:2 *:([*

Annotations:
Lair:3 2 transporters, Exaltedone87's ghost, journeyman DsGl


Innate Abilities, Weirdness & Mutations

You cannot be hasted, slowed, berserked, paralysed or teleported.
You can dig through walls and to a lower floor.
You have a pair of large antennae on your head. (SInv)
You sometimes lose the ability to read scrolls when taking damage.
You cannot be stealthy.
You cannot study or use magical devices.
Your cowardice makes you less effective in combat with threatening monsters.
You cannot study or cast Air magic.
You cannot study or cast Hexes magic.
You cannot study or cast Necromancy magic.
Your four strong arms can wield two-handed weapons with a shield.
You are strong-willed. (Will+)
Your spells are a little harder to cast, but a little more powerful.


Message History

Spiderkeys's ghost is moderately damaged.
You completely miss spiderkeys's ghost.
Spiderkeys's ghost is moderately damaged.
You miss spiderkeys's ghost.
Spiderkeys's ghost is moderately damaged.
You block spiderkeys's ghost's attack.
You completely miss spiderkeys's ghost.
Spiderkeys's ghost is moderately damaged.
You completely miss spiderkeys's ghost.
Spiderkeys's ghost is moderately damaged.
You miss spiderkeys's ghost.
Spiderkeys's ghost is moderately damaged.
You block spiderkeys's ghost's attack.
You miss spiderkeys's ghost.
Spiderkeys's ghost is moderately damaged.
You completely miss spiderkeys's ghost.
Spiderkeys's ghost is moderately damaged.
You slice spiderkeys's ghost like a ripe choko!!!
Spiderkeys's ghost is almost destroyed.
You redirect spiderkeys's ghost's attack!
Spiderkeys's ghost hits something.
You miss spiderkeys's ghost.
Spiderkeys's ghost turns its malevolent gaze towards you.
Spiderkeys's ghost is almost destroyed.
You completely miss spiderkeys's ghost.
Spiderkeys's ghost is almost destroyed.
You hit spiderkeys's ghost.
Spiderkeys's ghost is almost destroyed.
Spiderkeys's ghost whispers, "Be very very quiet, I'm hunting Ants."
You redirect spiderkeys's ghost's attack!
Spiderkeys's ghost casts a spell at itself.
Spiderkeys's ghost is unaffected.
You slice spiderkeys's ghost!!
You destroy spiderkeys's ghost!
You can read scrolls again.
The golden dragon simulacrum bites you!
You feel threatened and lose the ability to read scrolls!
* * * LOW HITPOINT WARNING * * *
The golden dragon simulacrum freezes you!!!
You die...

#.....# #.....######
####....#....#####
#................##
#.............<...###
##.................#.
####Z##..........###
#.#Z#..........###.
##@#.{.........#...
#######{.............
#.#.#.#{.............
#$....#..............
##!.{.'.....!.......#
#.$.{.'.......##.....
##?..Z'........##....
#?....#..............
#.#.#.#.......)......


You could see an ice dragon simulacrum and a golden dragon simulacrum.

Vanquished Creatures
  An Executioner (Abyss:4)
  A tentacled starspawn (Abyss:4)
  The ghost of spiderkeys the Unseen, an adept OpAK of Lugonu (D:15)
  2 orc warlords
  2 stone giants
  A dire elephant (Lair:6)
  A spectral titan (D:15)
  Nessos (D:13)
  A fire dragon (D:14)
  A rakshasa (Abyss:4)
  A boulder beetle (D:13)
  12 hydras
  A catoblepas (Lair:6)
  4 centaur warriors
  A death knight (D:15)
  5 two-headed ogres
  5 tengu warriors
  A deep troll shaman (Lair:6)
  A thrashing horror (Abyss:4)
  5 death yaks
  6 orc high priests (Orc:2)
  A wretched star (Abyss:4)
  A fire crab (Lair:6)
  4 skeletal warriors
  A glowing orange brain (Abyss:4)
  3 deep elf pyromancers
  A deep elf zephyrmancer (D:14)
  3 orc knights
  An orc sorcerer (Orc:2)
  3 cyclopes
  An oklob plant (D:11)
  2 manticores
  15 ugly things
  A salamander (shapeshifter) (D:13)
  4 black mambas
  Joseph (D:8)
  17 elephants (Lair:6)
  3 ice statues (IceCv)
  3 smoke demons (Abyss:4)
  A torpor snail (Lair:4)
  Maggie (D:7)
  14 cane toads
  2 unseen horrors
  4 centaur skeletons (D:14)
  A kobold demonologist (D:9)
  2 ice devils (Orc:2)
  11 rime drakes
  A demonic crawler (Abyss:4)
  5 komodo dragons
  3 entropy weaver simulacra (IceCv)
  2 ancient zymes (Abyss:4)
  3 meliai (D:14)
  4 polar bears
  10 trolls
  10 slime creatures
  23 blink frogs
  8 raiju (Abyss:4)
  A large abomination (Abyss:4)
  A shadow (D:11)
  A centaur simulacrum (D:11)
  Sigmund (D:2)
  3 ynoxinuls (Abyss:4)
  2 redbacks (Lair:2)
  45 yaks
  2 wraiths
  2 vampires
  13 wyverns
  10 basilisks
  A chaos spawn (Abyss:4)
  4 golden eyes (Abyss:4)
  A death yak simulacrum (IceCv)
  6 vampire mosquitoes (Lair:3)
  4 wargs
  Menkaure (D:7)
  2 acid dragons
  10 water moccasins
  A swamp drake (D:11)
  27 orc warriors
  2 ice beasts
  5 black bears
  2 necrophages
  12 ogres
  6 wolves (Lair:6)
  17 centaurs
  A boggart (D:14)
  5 kobold brigands
  A small abomination (Abyss:4)
  A gnoll sergeant (D:8)
  13 bullfrogs
  An earth elemental (Abyss:4)
  2 scorpions
  An elephant simulacrum (IceCv)
  6 killer bees (D:9)
  4 wights (D:7)
  7 centaur zombies
  3 hounds
  12 orc priests
  5 jellies
  A bullfrog skeleton (D:6)
  An iguana (D:5)
  Ijyb (D:3)
  17 orc wizards
  9 hell rats
  A wolf simulacrum (IceCv)
  2 mummies (Ossuary)
  A howler monkey zombie (D:8)
  3 gnolls (D:8)
  A howler monkey skeleton (D:6)
  3 adders
  11 river rats
  A white imp (D:5)
  2 ufetubi
  2 adder zombies (Ossuary)
  An adder skeleton (D:5)
  4 worms
  7 dart slugs
  67 orcs
  8 endoplasms
  9 giant cockroaches
  11 goblins
  8 hobgoblins
  20 jackals
  4 quokkas
  9 ball pythons
  7 bats
  4 frilled lizards
  2 goblin zombies (Ossuary)
  17 hobgoblin zombies (Ossuary)
  2 jackal zombies (Ossuary)
  32 kobolds
  6 kobold zombies (Ossuary)
  6 orc zombies (Ossuary)
  45 rats
  A rat zombie (Ossuary)
794 creatures vanquished.

Vanquished Creatures (collateral kills)
  A rat (D:1)
1 creature vanquished.

Vanquished Creatures (others)
  3 hydras
  A deep elf knight (D:14)
  An orc knight (Orc:1)
  A manticore (D:13)
  A slime creature (D:14)
  A large abomination (Abyss:4)
  A yak (Lair:4)
  A cane toad simulacrum (IceCv)
  An orc (Orc:1)
  A bush (Lair:6)
  A demonic plant (Abyss:4)
  40 fungi
  A lurking horror (Abyss:4)
  47 plants
  2 starspawn tentacles (Abyss:4)
  2 withered plants (D:2)
105 creatures vanquished.

Grand Total: 900 creatures vanquished

Notes
Turn   | Place    | Note
-------+----------+-------------------------------------------
     0 | D:1      | mandarbmax the Formicid Fighter began the quest for the
                  | Orb.
     0 | D:1      | Reached XP level 1. HP: 18/18 MP: 1/1
     1 | D:1      | Found a runed translucent door.
     2 | D:1      | Noticed a jelly
     3 | D:1      | Noticed a jelly
   142 | D:1      | Reached XP level 2. HP: 17/24 MP: 2/2
   744 | D:1      | Reached XP level 3. HP: 28/29 MP: 3/3
  1071 | D:1      | Reached XP level 4. HP: 32/35 MP: 4/4
  1103 | D:1      | Reached XP level 5. HP: 9/41 MP: 5/5
  1470 | D:2      | Found Dazewean's Armour Shop.
  1546 | D:2      | Found a white marble altar of Elyvilon.
  1736 | D:2      | Found a faded altar of an unknown god.
  2006 | D:2      | Noticed Sigmund
  2010 | D:2      | Gained mutation: Your spells are a little harder to cast,
                  | but a little more powerful. [potion of mutation]
  2010 | D:2      | Gained mutation: You are strong-willed. (Will+) [potion of
                  | mutation]
  2020 | D:2      | You fall into a shaft and drop 1 floor!
  2333 | D:3      | Reached skill level 5 in Staves
  2531 | D:3      | Noticed Ijyb
  2538 | D:3      | Killed Ijyb
  2835 | D:2      | Killed Sigmund
  2836 | D:2      | Reached XP level 6. HP: 47/47 MP: 6/6
  3772 | D:4      | Reached XP level 7. HP: 51/52 MP: 7/7
  4675 | D:5      | Entered Level 5 of the Dungeon
  4720 | D:5      | Reached XP level 8. HP: 49/58 MP: 8/8
  5137 | D:5      | Found a glowing drain.
  5150 | Sewer    | Entered a sewer
  5713 | Sewer    | Reached skill level 10 in Staves
  6534 | D:6      | Found a staircase to the Ecumenical Temple.
  6554 | Temple   | Entered the Ecumenical Temple
  6592 | Temple   | Became a worshipper of Ru the Awakened
  6875 | D:6      | Found a basalt altar of Yredelemnul.
  6891 | D:6      | Reached XP level 9. HP: 56/64 MP: 9/9
  7229 | D:6      | Found Caofium's Hydra Hut.
  7234 | D:6      | Noticed a four-headed hydra
  7343 | D:7      | Noticed Menkaure
  7349 | D:7      | Killed Menkaure
  7391 | D:7      | Found Duxy's Neck Hole.
  7868 | D:7      | Gained mutation: You cannot study or cast Air magic. [Ru
                  | sacrifice]
  7868 | D:7      | Gained mutation: You cannot study or cast Hexes magic. [Ru
                  | sacrifice]
  7868 | D:7      | Gained mutation: You cannot study or cast Necromancy magic.
                  | [Ru sacrifice]
  7868 | D:7      | Reached * piety under Ru
  8078 | D:7      | Noticed Maggie
  8096 | D:7      | Killed Maggie
  8649 | D:8      | Noticed Joseph
  8670 | D:8      | HP: 2/64 [Joseph (12)]
  8672 | D:8      | Killed Joseph
  8673 | D:8      | Reached XP level 10. HP: 33/70 MP: 10/10
  8909 | D:8      | Noticed a two-headed ogre
  8927 | D:8      | Killed a two-headed ogre
  8979 | D:8      | Found a sand-covered staircase.
  9005 | Ossuary  | Entered an ossuary
  9853 | D:9      | Gained mutation: Your cowardice makes you less effective in
                  | combat with threatening monsters. [Ru sacrifice]
  9853 | D:9      | Reached ** piety under Ru
  9935 | D:9      | Noticed a kobold demonologist
 10004 | D:9      | Killed a kobold demonologist
 10163 | D:9      | Reached skill level 5 in Shields
 10392 | D:9      | Found a stormy altar of Qazlal.
 10392 | D:9      | Found a snail-covered altar of Cheibriados.
 10399 | D:9      | Found a hide-covered altar of Uskayaw.
 10401 | D:9      | Found a glowing silver altar of Zin.
 10403 | D:9      | Found a blossoming altar of Fedhas.
 10567 | D:9      | Found a shimmering blue altar of Sif Muna.
 10918 | D:10     | Entered Level 10 of the Dungeon
 11049 | D:10     | Noticed a two-headed ogre
 11062 | D:10     | Killed a two-headed ogre
 11063 | D:10     | Reached skill level 5 in Fighting
 11063 | D:10     | Reached skill level 5 in Armour
 11063 | D:10     | Reached XP level 11. HP: 54/79 MP: 11/11
 12233 | D:11     | Noticed a cyclops
 12310 | D:7      | Bought an amulet of reflection for 450 gold pieces
 12436 | D:11     | Killed a cyclops
 12456 | D:11     | Found a staircase to the Orcish Mines.
 12558 | D:11     | Gained mutation: You sometimes lose the ability to read
                  | scrolls when taking damage. [Ru sacrifice]
 12558 | D:11     | Reached *** piety under Ru
 12733 | D:11     | Found a staircase to the Lair.
 12735 | D:11     | Noticed an oklob plant
 12751 | D:11     | Killed an oklob plant
 12905 | D:11     | Noticed a cyclops
 12913 | D:11     | Killed a cyclops
 12959 | D:11     | Noticed a manticore
 12967 | D:11     | Killed a manticore
 13072 | D:11     | Noticed a stone giant
 13101 | D:11     | Killed a stone giant
 13289 | D:11     | Identified 3 scrolls of acquirement
 13289 | D:11     | Acquired a +4 lajatang of venom
 13290 | D:11     | Acquired 1058 gold pieces
 13291 | D:11     | Acquired a manual of Armour
 13848 | D:7      | Bought a scarf of resistance for 480 gold pieces
 13962 | D:2      | Bought a +4 plate armour of fire resistance for 550 gold
                  | pieces
 14246 | Lair:1   | Entered Level 1 of the Lair of Beasts
 14298 | Lair:1   | Reached XP level 12. HP: 92/92 MP: 12/12
 14788 | Lair:1   | Noticed an eight-headed hydra
 14805 | Lair:1   | Killed an eight-headed hydra
 14806 | Lair:1   | Reached skill level 10 in Armour
 15210 | Lair:2   | Noticed a four-headed hydra
 15221 | Lair:2   | Killed a four-headed hydra
 15296 | Lair:2   | Gained mutation: You cannot study or use magical devices.
                  | [Ru sacrifice]
 15296 | Lair:2   | Reached **** piety under Ru
 15296 | Lair:2   | Reached ***** piety under Ru
 15471 | Lair:2   | Noticed a death yak
 15491 | Lair:2   | Killed a death yak
 15624 | Lair:2   | Noticed a four-headed hydra
 15633 | Lair:2   | Killed a five-headed hydra
 15634 | Lair:2   | Reached skill level 10 in Shields
 15831 | Lair:2   | Noticed a five-headed hydra
 15850 | Lair:2   | You fall into a shaft and drop 1 floor!
 16131 | Lair:2   | Found a hole to the Spider Nest.
 16234 | Lair:2   | Reached XP level 13. HP: 85/101 MP: 13/13
 16311 | Lair:2   | Noticed a six-headed hydra
 16311 | Lair:2   | Noticed a four-headed hydra
 16330 | Lair:2   | Killed a six-headed hydra
 16336 | Lair:2   | Killed a four-headed hydra
 16468 | Lair:2   | Noticed an eight-headed hydra
 16481 | Lair:2   | Killed an eight-headed hydra
 16486 | Lair:2   | Reached skill level 10 in Fighting
 16738 | Lair:2   | Noticed a five-headed hydra
 16748 | Lair:2   | Killed a five-headed hydra
 16854 | Lair:2   | Killed a 12-headed hydra
 17075 | Lair:3   | Identified the +2 robe of Omission {rN++ Will-}
 17193 | Lair:3   | Found a staircase to the Swamp.
 17193 | Lair:3   | Noticed Exaltedone87's ghost (journeyman DsGl)
 17252 | Lair:3   | Found a transporter.
 17267 | Lair:3   | Found a transporter.
 17342 | Lair:3   | Noticed a five-headed hydra
 17358 | Lair:3   | Killed a five-headed hydra
 17363 | Lair:3   | Reached skill level 15 in Armour
 18224 | Lair:4   | Reached XP level 14. HP: 108/113 MP: 14/14
 18578 | Lair:4   | Reached skill level 1 in Dodging
 19100 | Lair:5   | Found a staircase to the Slime Pits.
 20022 | Lair:6   | Entered Level 6 of the Lair of Beasts
 20153 | Lair:6   | Reached skill level 5 in Dodging
 20383 | Lair:6   | Gained mutation: You cannot be stealthy. [Ru sacrifice]
 20383 | Lair:6   | Reached ****** piety under Ru
 20864 | Lair:6   | Reached XP level 15. HP: 118/118 MP: 15/15
 21710 | Orc:1    | Entered Level 1 of the Orcish Mines
 21803 | Orc:1    | Noticed an orc warlord
 21820 | Orc:1    | Killed an orc warlord
 22660 | Orc:2    | Entered Level 2 of the Orcish Mines
 22660 | Orc:2    | Found Vaukk's Antique Armour Boutique.
 22708 | Orc:2    | Noticed an orc warlord
 22755 | Orc:2    | Killed an orc warlord
 22845 | Orc:2    | Found Ynacekom's Book Shop.
 22868 | Orc:2    | Found a frozen archway.
 22882 | IceCv    | Entered an ice cave
 23074 | IceCv    | Got the Papyrus of the Glacier and Calling
 23224 | Orc:2    | Found Xeefeef's Antique Weapon Boutique.
 23473 | Orc:2    | Found Bupu's General Store.
 23482 | Orc:2    | Bought a scroll of acquirement for 728 gold pieces
 23482 | Orc:2    | Acquired the +3 pair of gauntlets of War {Slay+5}
 23483 | Orc:2    | Found the +3 pair of gauntlets of War {Slay+5}
 23585 | Orc:2    | Found Kishia Kalea's General Store.
 23674 | Orc:2    | Found a staircase to the Elven Halls.
 24327 | D:12     | You fall into a shaft and drop 3 floors!
 24327 | D:15     | Entered Level 15 of the Dungeon
 24357 | D:15     | Reached XP level 16. HP: 130/130 MP: 16/16
 24483 | D:13     | Acquired a +5 lajatang of speed
 24553 | D:13     | Reached skill level 15 in Shields
 25138 | D:13     | Identified the +1 cloak "Fygragh" {-Tele rElec rF+ Str+6}
 25177 | D:13     | Noticed Nessos
 25188 | D:13     | Killed Nessos
 26159 | D:14     | Found a gate to the Vaults.
 26238 | D:14     | Reached skill level 15 in Fighting
 26858 | D:15     | Found a faded altar of an unknown god.
 26858 | D:15     | Found a faded altar of an unknown god.
 26858 | D:15     | Found a hazy altar of Hepliaklqana.
 27389 | D:15     | Found a staircase to the Depths.
 27529 | D:15     | Found a runed translucent gate.
 27529 | D:15     | Found a runed translucent gate.
 27529 | D:15     | Found a runed translucent gate.
 27541 | D:15     | Noticed spiderkeys's ghost (adept OpAK)
 27643 | D:15     | Cast into level 4 of the Abyss (spiderkeys's ghost)
 27646 | Abyss:4  | Found a corrupted altar of Lugonu.
 27671 | Abyss:4  | Noticed an Executioner
 27680 | Abyss:4  | Killed an Executioner
 27740 | Abyss:4  | Found a corrupted altar of Lugonu.
 27756 | Abyss:4  | Reached XP level 17. HP: 105/127 MP: 14/17
 27842 | Abyss:4  | Noticed a tentacled starspawn
 27857 | Abyss:4  | Killed a tentacled starspawn
 27873 | D:15     | Escaped the Abyss
 27897 | D:15     | Killed spiderkeys's ghost
 27898 | D:15     | Demolished by a golden dragon simulacrum

Illustrated notes

Levels and vault maps discovered:
D:1:      dpeg_arrival_caged_fury, layout_basic, minmay_misc_feat_tower
D:2:      layout_loops_cross, basic_altar, ebering_ecumenical_altar_petrified,
          serial_shops, shop_statue, corexii_item_surrounded_by_moat,
          uniq_sigmund
D:3:      layout_basic, minmay_distorted, uniq_ijyb
D:4:      layout_cave_pools, dk_rats_in_the_wall
D:5:      layout_cave_pools, portal_sewer_entry_c
D:6:      layout_basic, minmay_temple_entry_purple_smoke,
          hellmonk_bongcloud_opening, hex_medium, kennysheep_flooded_box,
          doesnt_shop_hydraphobe
D:7:      layout_gridville, nicolae_shop_sticking_my_neck_out, uniq_menkaure,
          uniq_maggie
D:8:      layout_cave_pools, enter_ossuary_1, serial_glass, glass_columns_a,
          glass_columns_a, uniq_joseph
D:9:      layout_basic, chequers_temple_overflow_minitemple, lemuel_doored_altar
D:10:     layout_cave_pods, nicolae_water_bricks, serial_park_tiny_pond
D:11:     layout_layer_cave, dpeg_oklobed_lair, erik_orc_1, minmay_three_doors
D:12:     layout_roguey
D:13:     layout_roguey, uniq_nessos
D:14:     layout_roguey, hangedman_vaults_entry_quadrant_bands,
          nicolae_lava_and_water, minmay_misc_feat_x
D:15:     grunt_enter_depths_snipers, layout_cave_pools,
          nicolae_hepliaklqana_ecumenical_no_more, gammafunk_ghost_necromancy
Temple:   eino_temple_rhombus
Lair:1:   layout_long_grid, grunt_megastairs_5
Lair:2:   nzn_winding_woodlands_medium [nzn_winding_woodlands_5x5_open_star,
          nzn_winding_woodlands_5x15_river_crossing,
          nzn_winding_woodlands_5x5_perimeter,
          nzn_winding_woodlands_5x5_checkerboard,
          nzn_winding_woodlands_center_triple_pond,
          nzn_winding_woodlands_5x5_three, nzn_winding_woodlands_5x5_default,
          nzn_winding_woodlands_5x15_pool, nzn_winding_woodlands_5x5_default],
          layout_regular_city, spider_nest_entry_a,
          nicolae_quartered_pool_super, hangedman_lair_generics_rect,
          lemuel_fruit_fields
Lair:3:   layout_misc_corridors, minmay_swamp_entry_swarm,
          gammafunk_ghost_arena, grunt_megastairs_4
Lair:4:   layout_roguey, special_room [special_room_mythical_zoo],
          grunt_forest_stairs_basic
Lair:5:   layout_hall_layers, minmay_slime_entry_pillars
Lair:6:   grunt_lair_end_beastmaster, layout_loops_ring,
          infiniplex_staircase_pool
Orc:1:    layout_caves
Orc:2:    grunt_orc_gardens, layout_caves, grunt_orc_garden, grunt_orc_garden,
          grunt_orc_garden, grunt_orc_garden, basic_altar, serial_shops,
          nicolae_shop_temple_entry_statues_fountains,
          portal_ice_cave_demonic_guard

Skill      XL: |  1  2  3  4  5  6  7  8  9 10 11 12 13 14 15 16 17 |
---------------+----------------------------------------------------+-----
Shields        | 4 5 8 10 11 12 14 16 17 | 17.3
Staves         | 3 4 6 8 10 13 14 | 14.0
Fighting       | 5 7 9 11 13 15 | 15.0
Armour         | 5 7 12 16 17 | 17.0
Dodging        | 8 9 |  9.0

Action                   |  1- 3 |  4- 6 |  7- 9 | 10-12 | 13-15 | 16-18 || total
-------------------------+-------+-------+-------+-------+-------+-------++-------
Melee: Quarterstaff      |    70 |   178 |   425 |   429 |    58 |     9 ||  1169
       Lajatang          |       |       |       |   163 |  1139 |   435 ||  1737
Throw: Dart              |       |       |       |     2 |     2 |       ||     4
       Throwing net      |       |       |       |       |     1 |       ||     1
Invok: Sacrifice Arcana  |       |       |     1 |       |       |       ||     1
       Sacrifice Courage |       |       |       |     1 |       |       ||     1
       Sacrifice Words   |       |       |       |     1 |       |       ||     1
       Draw Out Power    |       |       |       |     1 |       |       ||     1
       Sacrifice Artific |       |       |       |     1 |       |       ||     1
       Power Leap        |       |       |       |       |     2 |     6 ||     8
       Sacrifice Stealth |       |       |       |       |     1 |       ||     1
       Apocalypse        |       |       |       |       |       |     1 ||     1
 Abil: Dig               |       |     5 |     7 |     9 |    30 |    16 ||    67
       Shaft Self        |       |     1 |       |     1 |       |       ||     2
Evoke: Wand              |       |     1 |     9 |    26 |       |       ||    36
  Use: Scroll            |     3 |     7 |     6 |    18 |     7 |     3 ||    44
       Potion            |       |     3 |     6 |     1 |     2 |       ||    12
 Stab: Paralysed         |       |     3 |     3 |     3 |     6 |       ||    15
       Sleeping          |       |       |     1 |       |       |       ||     1
       Distracted        |       |       |       |     2 |     6 |     3 ||    11
       Invisible         |       |       |       |       |     7 |       ||     7
       Petrifying        |       |       |       |       |     1 |       ||     1
Armor: Scale mail        |    36 |    61 |    78 |       |       |       ||   175
       Skin              |       |       |     4 |       |       |       ||     4
       Steam dragon scal |       |       |     1 |    25 |       |       ||    26
       Troll leather arm |       |       |       |    14 |       |       ||    14
       Plate armour      |       |       |       |    69 |   225 |    79 ||   373
Dodge: Dodged            |    27 |    55 |   130 |    90 |   116 |    54 ||   472
Block: Kite shield       |    34 |    94 |   259 |   355 |   789 |   298 ||  1829
       Reflection        |       |       |       |     4 |    23 |    29 ||    56

Table legend: (Time is in decaauts)
 A = Elapsed time spent in this place.
 B = Non-inter-level travel time spent in this place.
 C = Inter-level travel time spent in this place.
 D = Time resting spent in this place.
 E = Time spent auto-exploring this place.
 F = Levels seen in this place.
 G = Mean time per level.
                   A        B        C        D        E       F      G
               +--------+--------+--------+--------+--------+-----+--------+
         Total |  27292 |  25823 |   1469 |   2569 |  17815 |  28 |  974.7 |
       Dungeon |  16471 |  15362 |   1109 |   1451 |  11277 |  15 | 1098.1 |
        Temple |     44 |     38 |      6 |      0 |     30 |   1 |   44.0 |
          Lair |   7141 |   6867 |    274 |    780 |   4797 |   6 | 1190.2 |
  Orcish Mines |   1778 |   1699 |     79 |      0 |    986 |   2 |  889.0 |
         Abyss |    175 |    175 |      0 |      0 |      0 |   1 |  175.0 |
         Sewer |   1019 |   1019 |      0 |    169 |    596 |   1 | 1019.0 |
       Ossuary |    446 |    446 |      0 |    160 |    128 |   1 |  446.0 |
      Ice Cave |    214 |    214 |      0 |      8 |      0 |   1 |  214.0 |
               +--------+--------+--------+--------+--------+-----+--------+

Top non-repeatable levels by time:
  Lair:2: 1599 daAuts
     D:1: 1555 daAuts
    D:11: 1548 daAuts
     D:7: 1417 daAuts
  Lair:6: 1416 daAuts
    D:10: 1322 daAuts
     D:3: 1284 daAuts
  Lair:4: 1183 daAuts
     D:9: 1166 daAuts
     D:4: 1086 daAuts
  Lair:5: 1079 daAuts
   Sewer: 1019 daAuts
  Lair:1: 997 daAuts
    D:15: 986 daAuts
     D:2: 943 daAuts
